 Dungeon Crawl Stone Soup version 0.19.0-18-g426998a (console) character file.

11250 Theodorus the Markscentaur (level 11, -13/92 HPs)
             Began as a Centaur Hunter on Nov 10, 2016.
             Was a High Priest of the Shining One.
             Mangled by Rupert
             ... wielding a +4 great sword of holy wrath
              (21 damage)
             ... on level 12 of the Dungeon on Nov 11, 2016.
             The game lasted 03:18:37 (13098 turns).

Theodorus the Markscentaur (Centaur Hunter)        Turns: 13098, Time: 03:18:38

Health: -13/92     AC: 11    Str: 15    XL:     11   Next: 46%
Magic:  16/16      EV: 12    Int: 10    God:    the Shining One [*****.]
Gold:   534        SH:  0    Dex: 20    Spells: 0 memorised, 10 levels left

rFire  + . .     SeeInvis .     i - +4 shortbow (velocity)
rCold  . . .     Gourm    .     T - +2 ring mail {rF+}
rNeg   + + .     Faith    .     (shield currently unavailable)
rPois  .         Spirit   .     (no helmet)
rElec  .         Reflect  .     q - +0 cloak
rCorr  .         Harm     .     Y - +0 pair of gloves
MR     .....                    (no barding)
Stlth  +.........               x - amulet of regeneration
                                z - +5 ring of dexterity
                                k - +2 ring of dexterity

@: about to teleport, glowing, very quick
A: hooves 3, deformed body, speed 2, tough skin 3
a: Divine Shield, Cleansing Flame, Summon Divine Warrior, Renounce Religion


You were on level 12 of the Dungeon.
You worshipped the Shining One.
The Shining One was extremely pleased with you.
You were full.

You visited 1 branch of the dungeon, and saw 12 of its levels.
You also visited: Ice Cave.

You collected 702 gold pieces.
You spent 168 gold pieces at shops.

Inventory:

Hand Weapons
 a - a +1 shortbow
 b - a +3 short sword of electrocution
 i - a +4 shortbow of velocity (weapon)
Missiles
 d - 23 arrows (quivered)
 H - an exploding tomahawk
 N - 5 tomahawks of dispersal
Armour
 g - a +3 chain mail of magic resistance
 q - a +0 cloak (worn)
 T - a +2 ring mail of fire resistance (worn)
 Y - a +0 pair of gloves (worn)
Magical Staves
 J - an uncursed staff of earth {unknown}
Jewellery
 k - a +2 ring of dexterity (left hand)
 m - an uncursed ring of protection from magic
 u - an uncursed ring of protection from fire
 x - an amulet of regeneration (around neck)
 z - a +5 ring of dexterity (right hand)
 Z - an uncursed ring of poison resistance
Wands
 l - a wand of disintegration (8/24)
 p - a wand of acid (3/15)
 t - a wand of digging (14/24)
 w - a wand of iceblast (7/15)
 D - a wand of flame (30/48)
 K - a wand of iceblast (7/15)
 Q - a wand of paralysis (5/24)
Scrolls
 j - a scroll of identify
 s - 2 scrolls of fear
 v - a scroll of remove curse
 y - a scroll of acquirement
 U - 2 scrolls of recharging
Potions
 c - a potion of heal wounds
 n - 2 potions of cure mutation {unknown}
 A - 4 potions of brilliance
 C - a potion of ambrosia {unknown}
 F - 5 potions of flight
 O - a potion of might
 S - 2 potions of agility {unknown}
 V - a potion of lignification
 W - a potion of curing
Books
 r - a book of Clouds

   Spells                             Type                      Level
   a - Mephitic Cloud                 Conjuration/Poison/Air       3
   b - Conjure Flame                  Conjuration/Fire             3
   c - Poisonous Cloud                Conjuration/Poison/Air       6
   d - Freezing Cloud                 Conjuration/Ice/Air          6
   e - Ring of Flames                 Charms/Fire                  7
 M - a book of Changes

   Spells                             Type                      Level
   a - Beastly Appendage              Transmutation                1
   b - Sticks to Snakes               Transmutation                2
   c - Spider Form                    Transmutation/Poison         3
   d - Ice Form                       Ice/Transmutation            4
   e - Blade Hands                    Transmutation                5
Comestibles
 f - 2 bread rations
 o - 6 beef jerkies
 B - 2 fruits
 E - a royal jelly
 I - 2 slices of pizza
 R - 2 meat rations


   Skills:
 - Level 7.0 Fighting
 * Level 15.2 Bows
 + Level 5.5 Armour
 + Level 5.3 Dodging
 - Level 0.4 Stealth
 + Level 7.9 Invocations


You had 10 spell levels left.
You didn't know any spells.

Dungeon Overview and Level Annotations

Branches:
Dungeon (12/15)            Temple (0/1) D:7            Lair (0/6) D:10
    Orc (0/2) D:10

Altars:
Ashenzari
Elyvilon
Trog
The Shining One

Shops:
D:4 ?

Annotations:
D:12 Rupert


Innate Abilities, Weirdness & Mutations

You have hooves in place of feet.
Armour fits poorly on your strangely shaped body.
You cover ground very quickly.
You have extremely tough skin. (AC +3)


Message History

A stone staircase leading up.
This square is lit by a halo.
Okay, then.
As you read the scroll of fear, it crumbles to dust.
You assume a fearsome visage.
Rupert hits you with a great sword of holy wrath!!
* * * LOW HITPOINT WARNING * * *
Zapping:
Q - a wand of paralysis (will waste charges)
Press: ? - help, Shift-Dir - straight line, f/p - Rupert
Aim: Rupert, wielding a great sword of holy wrath and wearing a scale mail (moderately wounded, berserk, fast, unusually strong, haloed, chance to defeat MR: 1%) Rupert resists with almost no effort.
Evoking this partially-identified wand wasted a few charges.
Rupert hits you with a great sword of holy wrath!
The Shining One protects you from harm!
Press: ? - help, . - travel You can't see that place.
As you read the scroll of teleportation, it crumbles to dust.
You feel strangely unstable.
Rupert hits you with a great sword of holy wrath!!
You die...

**,,,,,,,,,,,** *,,,,,,....**
****>,,...#* ***#...# ##...##
###.....# ###.......##
#..........# ##..........# *
#....<......# ######### **
#......@@...####........ ,****
#...........(##......^..
,,,,*****#............##.........
,,,,,,,*#.........)...#..........
,,,,,,.........................<.
,,,,,,.##..........####<........(
,,,,,.,,##........## #........?.
,,,,,,,**#.##...### #..........
,,,,,,** ##*##### ###.....###
******* ##.#### ###


You could see Rupert (berserk).

Vanquished Creatures
  A death yak (D:10)
  Pikel (D:9)
  2 ugly things
  A cyclops (D:11)
  Maurice (D:8)
  A centaur zombie (D:11)
  3 centaur skeletons
  3 trolls
  2 hippogriffs
  A yak (D:10)
  A wraith (D:11)
  A vampire (D:8)
  A wyvern (D:8)
  3 vampire mosquitoes (D:12)
  6 orc warriors
  3 ice beasts
  A swamp drake (D:10)
  4 phantoms
  2 sky beasts
  A slave (D:9)
  A black bear (D:9)
  7 ogres
  6 centaurs
  A crocodile (D:10)
  Blork the orc (D:5)
  4 big kobolds
  2 bullfrogs
  A wyvern skeleton (D:8)
  A scorpion (D:7)
  6 killer bees
  3 wights (D:8)
  2 howler monkeys
  5 crimson imps
  A bullfrog zombie (D:7)
  2 quasits (D:9)
  5 hounds
  An orc priest (D:10)
  2 jellies
  11 orc wizards
  2 bullfrog skeletons (D:10)
  Jessica (D:3)
  6 iguanas
  11 worker ants
  A hound zombie (D:11)
  A hound skeleton (D:5)
  A worker ant zombie (D:11)
  13 adders
  11 gnolls
  2 shadow imps
  3 white imps (IceCv)
  8 ufetubi (IceCv)
  An ooze (D:3)
  An adder zombie (D:8)
  5 adder skeletons
  6 worms
  2 dart slugs
  8 leopard geckos
  27 orcs
  6 giant cockroaches
  6 goblins
  9 hobgoblins
  2 jackals (D:5)
  3 quokkas
  3 ball pythons
  4 bats
  A giant cockroach zombie (D:6)
  21 kobolds
  2 leopard gecko skeletons
  2 leopard gecko zombies
  10 rats
280 creatures vanquished.

Vanquished Creatures (others)
  2 white imps (IceCv)
  4 ufetubi (IceCv)
6 creatures vanquished.

Grand Total: 286 creatures vanquished

Notes
Turn   | Place    | Note
-------+----------+-------------------------------------------
     0 | D:1      | Theodorus the Centaur Hunter began the quest for the Orb.
     0 | D:1      | Reached XP level 1. HP: 17/17 MP: 1/1
   104 | D:1      | Reached XP level 2. HP: 19/24 MP: 2/2
   362 | D:1      | Reached skill level 6 in Bows
  1218 | D:2      | Reached XP level 3. HP: 29/29 MP: 3/3
  1769 | D:3      | Noticed Jessica
  1791 | D:2      | Reached XP level 4. HP: 11/36 MP: 4/4
  1844 | D:3      | Found a glowing golden altar of the Shining One.
  1870 | D:3      | Reached skill level 7 in Bows
  1894 | D:3      | Became a worshipper of the Shining One
  2215 | D:3      | Killed Jessica
  2257 | D:3      | Found a white marble altar of Elyvilon.
  2448 | D:3      | Reached XP level 5. HP: 32/41 MP: 5/5
  2699 | D:3      | Reached skill level 8 in Bows
  2765 | D:4      | Found Tufyaze's Magic Scroll Boutique.
  2813 | D:4      | Bought a scroll of identify for 28 gold pieces
  2816 | D:4      | Bought a scroll of identify for 28 gold pieces
  2816 | D:4      | Bought a scroll of identify for 28 gold pieces
  2816 | D:4      | Bought a scroll of identify for 28 gold pieces
  2816 | D:4      | Bought a scroll of identify for 28 gold pieces
  2816 | D:4      | Bought a scroll of identify for 28 gold pieces
  3009 | D:4      | Noticed an ogre
  3091 | D:4      | Killed an ogre
  3091 | D:4      | Reached XP level 6. HP: 23/48 MP: 6/6
  3747 | D:5      | Entered Level 5 of the Dungeon
  3760 | D:5      | Reached skill level 9 in Bows
  3982 | D:5      | Noticed an ice beast
  4082 | D:5      | Killed an ice beast
  4082 | D:5      | Reached XP level 7. HP: 35/55 MP: 7/7
  4096 | D:5      | Reached skill level 10 in Bows
  4193 | D:5      | Reached * piety under the Shining One
  4718 | D:5      | Reached skill level 1 in Invocations
  4732 | D:5      | Noticed Blork the orc
  4754 | D:5      | Killed Blork the orc
  4819 | D:5      | Reached XP level 8. HP: 63/63 MP: 9/9
  5486 | D:6      | Reached skill level 1 in Armour
  6068 | D:6      | Reached skill level 5 in Fighting
  6125 | D:6      | Reached ** piety under the Shining One
  6125 | D:6      | Reached skill level 11 in Bows
  6542 | D:7      | Found a staircase to the Ecumenical Temple.
  6609 | D:7      | Reached XP level 9. HP: 74/74 MP: 11/11
  6856 | D:7      | Found a shattered altar of Ashenzari.
  7665 | D:8      | Noticed Maurice
  7723 | D:8      | Killed Maurice
  7723 | D:8      | Reached skill level 12 in Bows
  7723 | D:8      | Reached skill level 5 in Invocations
  8545 | D:9      | Noticed a troll
  8720 | D:8      | Killed a troll
  8847 | D:8      | Reached XP level 10. HP: 32/84 MP: 14/14
  9496 | D:9      | Reached *** piety under the Shining One
  9527 | D:9      | Reached skill level 13 in Bows
  9796 | D:9      | Found a bloodstained altar of Trog.
  9890 | D:9      | Noticed Pikel
  9901 | D:9      | Killed Pikel
  9975 | D:10     | Entered Level 10 of the Dungeon
 10485 | D:10     | Found a staircase to the Orcish Mines.
 10658 | D:10     | Upgraded the game from 0.19.0-17-g07987d3 to 0.19.0-18-g426998a
 10757 | D:10     | Reached skill level 14 in Bows
 10780 | D:10     | Found a staircase to the Lair.
 10781 | D:10     | Reached **** piety under the Shining One
 10782 | D:10     | Noticed a death yak
 10998 | D:10     | Killed a death yak
 10998 | D:10     | Reached skill level 5 in Armour
 11281 | D:10     | Reached XP level 11. HP: 92/92 MP: 16/16
 11409 | D:10     | Identified 2 scrolls of acquirement
 11822 | D:11     | Reached skill level 5 in Dodging
 11978 | D:11     | Noticed a purple ugly thing
 12015 | D:11     | Killed a purple ugly thing
 12101 | D:11     | Found a frozen archway.
 12116 | IceCv    | Entered an ice cave
 12146 | IceCv    | Reached ***** piety under the Shining One
 12433 | D:11     | Reached skill level 15 in Bows
 12917 | D:12     | Noticed a green ugly thing
 12938 | D:12     | Killed a green ugly thing
 13047 | D:12     | Noticed Rupert
 13066 | D:12     | Paralysed by Rupert for 3 turns
 13083 | D:12     | HP: 1/92 [Rupert/great sword of holy wrath (22)]
 13097 | D:12     | The Shining One protects you from harm!
 13098 | D:12     | Mangled by Rupert

Skill      XL: |  1  2  3  4  5  6  7  8  9 10 11 |
---------------+----------------------------------+-----
Bows           | 6 7 8 9 10 11 12 14 15 | 15.2
Dodging        | 2 3 4 5 |  5.3
Invocations    | 1 3 5 7 |  7.9
Fighting       | 3 5 6 7 |  7.0
Armour         | 2 4 5 |  5.5
Stealth        | |  0.4

Action                   |  1- 3 |  4- 6 |  7- 9 | 10-12 || total
-------------------------+-------+-------+-------+-------++-------
Melee: Short sword       |    30 |    87 |    34 |       ||   151
       Kick              |     4 |    15 |     5 |       ||    24
       Shortbow          |       |       |     1 |       ||     1
 Fire: Shortbow          |    73 |    91 |   480 |   662 ||  1306
Throw: Tomahawk          |       |    41 |     7 |       ||    48
       Javelin           |       |    14 |     4 |       ||    18
Evoke: Wand              |       |       |     1 |     1 ||     2
  Use: Potion            |     3 |       |     1 |     6 ||    10
       Scroll            |       |     5 |    13 |    15 ||    33
  Eat: Fruit             |     1 |       |       |       ||     1
       Meat ration       |       |     1 |       |     1 ||     2
       Bread ration      |       |     1 |     2 |     1 ||     4
       Beef jerky        |       |       |       |     2 ||     2
Armor: Leather armour    |    23 |    35 |     7 |       ||    65
       Ring mail         |       |       |    28 |    59 ||    87
Dodge: Dodged            |    30 |    42 |    73 |    83 ||   228
